cohdb
Replays
Latest Replays
All Replays
Popular Replays
Top Player Replays
Match Explorer
How It Works
Community
CoH3 Stats
Reddit
Sign in to upload your games and track your stats! →
Sign in with Steam
Find the right time Charge and kill
Match 17330026
Overview
Messages
Build Orders
End
Panzergrenadier Squad
Panzergrenadier Squad
250 Light Carrier
Construct Light Support Kompanie
Assault Grenadier Squad
Combat Half-tracks
Construct Mechanized Kompanie
Selects Italian Combined Arms Battlegroup
Panzerjäger Mechanized Group
Selects Semovente da 75/18 Assault Gun
Selects Bersaglieri Squad
Vehicle Survival Package
Veteran Squad Leaders
Selects Carro Armato M13/40 Light Tank
Carro Armato M13/40 Light Tank
Carro Armato M13/40 Light Tank
Selects Pact of Steel
2.5-tonne Medical Truck
Carro Armato M13/40 Light Tank
Selects Vehicle Support - Secure Location
Selects Vehicle Support - Force Recon
Carro Armato M13/40 Light Tank
赵天天001
Dead game
0
0
Comments
sign in to comment!
No comments posted yet!